Map: [ESL] Moondance

Players

TeebuL - Winner!

  • Race: Protoss Protoss
  • Spawn Location: 12:00

NXZ

  • Race: Zerg Zerg
  • Spawn Location: 6:00

Event: DreamHack SC2 Masters 2022 Atlanta (Online)

VOD

Have the link to the VOD?

Description

Time

  • Played on: Sept. 29, 2022, 5:24 a.m.
  • Length: 7:06

All games in this series

Show
View Real Time Build Order
Export as new Build Order

TeebuL Protoss - Winner!

Build Orders: Oracle Opening 

Get SALT Encoding   

  12  0:00  Probe  
  13  0:12  Probe  
  14  0:17  Pylon  
  14  0:24  Probe (Chrono Boost)  
  15  0:36  Probe (Chrono Boost)  
  15  0:38  Gateway  
  16  0:45  Probe (Chrono Boost)  
  17  0:51  Probe, Assimilator  
  18  1:02  Pylon  
  18  1:03  Probe  
  19  1:15  Probe  
  20  1:23  Zealot (Chrono Boost)  
  22  1:27  Cybernetics Core, Probe  
  23  1:39  Probe  
  24  1:42  Zealot (Chrono Boost)  
  26  1:54  Probe  
  27  2:06  Adept (Chrono Boost)  
  27  2:08  Probe  
  30  2:20  Probe  
  31  2:27  Assimilator  
  31  2:32  Pylon  
  31  2:40  Probe  
  31  2:44  Shield Battery  
  31  2:50  Stargate  
  31  2:54  Nexus  
  31  2:57  Warp Gate  
  31  3:00  Probe  
  32  3:07  Adept  
  35  3:12  Probe  
  35  3:24  Probe  
  36  3:31  Oracle (Chrono Boost)  
  39  3:35  Pylon  
  40  3:57  Gateway  
  40  3:59  Gateway  
  40  4:01  Gateway  
  39  4:13  Shield Battery  
  35  4:18  Oracle  
  35  4:19  Pylon  
  35  4:22  Probe x2  
  38  4:34  Probe  
  38  4:35  Probe  
  40  4:46  Probe  
  40  4:47  Robotics Facility, Probe  
  42  4:56  Adept x3  
  42  4:58  Probe  
  49  5:03  Probe  
  49  5:06  Pylon  
  50  5:11  Probe  
  51  5:15  Probe  
  52  5:23  Probe  
  52  5:27  Probe  
  52  5:28  Gateway  
  54  5:29  Sentry x2  
  54  5:30  Gateway  
  54  5:31  Gateway  
  54  5:35  Probe  
  59  5:39  Immortal (Chrono Boost)  
  63  5:44  Probe  
  64  5:53  Pylon  
  64  5:55  Zealot, Sentry, Pylon  
  64  5:56  Zealot  
  70  5:58  Pylon  
  70  6:11  Warp Prism (Chrono Boost)  
  72  6:19  Zealot x2  
  72  6:20  Zealot  
  72  6:21  Pylon  
  78  6:27  Zealot x3  
  84  6:33  Gateway  
  84  6:40  Zealot  
  84  6:41  Zealot  
Show
View Real Time Build Order
Export as new Build Order

NXZ Zerg 

Build Orders: Pool First 

Get SALT Encoding   

  12  0:00  Drone  
  13  0:21  Spawning Pool  
  13  0:25  Drone  
  13  0:29  Drone  
  14  0:38  Overlord  
  14  1:01  Hatchery  
  13  1:08  Zergling x4  
  15  1:13  Zergling x2  
  16  1:19  Zergling x2  
  17  1:30  Zergling x2  
  17  1:31  Queen  
  20  1:35  Extractor  
  19  1:41  Zergling x2  
  20  1:53  Overlord  
  20  2:04  Zergling x2  
  21  2:15  Zergling x2  
  23  2:17  Zergling x2  
  24  2:27  Zergling x2  
  24  2:28  Zergling x2  
  26  2:35  Zergling x2  
  26  2:39  Zergling x2  
  23  2:46  Metabolic Boost  
  23  2:48  Zergling x4  
  23  2:50  Zergling x2  
  24  2:54  Zergling x2  
  24  2:57  Zergling x2  
  26  3:02  Drone  
  27  3:07  Drone  
  27  3:12  Drone  
  29  3:17  Drone  
  29  3:19  Drone  
  31  3:26  Drone x2  
  33  3:34  Overlord  
  33  3:38  Zergling x2  
  33  3:39  Zergling x2  
  35  3:54  Zergling x10  
  40  3:59  Zergling x4  
  41  4:04  Zergling x2  
  41  4:08  Zergling x2  
  37  4:10  Zergling x2  
  37  4:16  Zergling x2  
  34  4:20  Queen, Drone  
  35  4:24  Drone  
  35  4:26  Drone  
  35  4:28  Drone  
  35  4:31  Drone  
  38  4:34  Drone  
  39  4:42  Spore Crawler  
  39  4:44  Spore Crawler, Drone  
  38  4:46  Drone  
  39  4:53  Drone x2  
  41  5:08  Hatchery  
  41  5:09  Drone  
  41  5:10  Drone  
  42  5:15  Drone  
  42  5:16  Drone  
  42  5:25  Overlord  
  42  5:26  Overlord  
  42  5:33  Drone  
  43  5:37  Drone  
  43  5:48  Drone x4  
  47  5:52  Hatchery  
  47  5:53  Queen  
  47  5:56  Drone  
  49  5:59  Drone  
  50  6:08  Drone x4  
  50  6:09  Spore Crawler  
  50  6:14  Drone  
  50  6:16  Queen  
  53  6:19  Drone  
  53  6:20  Drone  
  55  6:27  Zergling x2, Baneling Nest  
  57  6:35  Zergling x4  
  57  6:36  Zergling x2  
  57  6:39  Zergling x4  
  62  6:43  Zergling x4  
  62  6:45  Zergling x2  
Tags
 
Add a new tag
Caveats
  • Supply blocks, unpowered buildings, or Contaminate may cause inaccurate times.
  • Supply counts are checked every 10 seconds.